 Dungeon Crawl Stone Soup version 0.27-a0-1196-g3e9cee4cb2 (webtiles) character file.

Game seed: 9863007032023427143

26322 mlvdm the Geomancer (level 13, -5/76 HPs)
             Began as a Gargoyle Earth Elementalist on May 28, 2021.
             Was a Priest of Vehumet.
             Slain by a vault guard
             ... wielding a +2 glaive
              (13 damage)
             ... on level 14 of the Dungeon.
             The game lasted 00:35:57 (16997 turns).

mlvdm the Geomancer (Gargoyle Earth Elementalist)  Turns: 16997, Time: 00:35:59

Health: -5/76      AC: 23    Str: 12    XL:     13   Next: 25%
Magic:  20/26      EV: 13    Int: 21    God:    Vehumet [***...]
Gold:   343        SH:  0    Dex: 10    Spells: 15/30 levels left

rFire    + . .     SeeInvis .   I - +2 eveningstar (drain)
rCold    . . .     Faith    .   (no shield)
rNeg     + . .     Spirit   .   z - +2 leather armour {rPois}
rPois    ∞         Reflect  .   r - +2 hat
rElec    +         Harm     .   y - +2 cloak
rCorr    .         Rampage  .   i - +2 pair of gloves
Will     .....                  (no boots)
Stlth    +++.......             D - amulet of Molukh {RegenMP *Slow +Inv Stlth+}
HPRegen  0.22/turn              f - ring of protection from fire
MPRegen  0.45/turn              (no ring)

@: no status effects
A: sickness immunity, AC +9, negative energy resistance 1, electricity
resistance, torment resistance 1, petrification resistance
a: Renounce Religion, Evoke Invisibility


You were on level 14 of the Dungeon.
You worshipped Vehumet.
Vehumet was most pleased with you.
You visited 2 branches of the dungeon, and saw 16 of its levels.
You also visited: Sewer.

You collected 828 gold pieces.
You spent 485 gold pieces at shops.

Inventory:

Hand Weapons
 o - a +3 vorpal morningstar
 I - a +2 eveningstar of draining (weapon)
Missiles
 b - 192 stones
 t - 11 curare-tipped darts
Armour
 a - a scarf of invisibility
 i - a +2 pair of gloves (worn)
 r - a +2 hat (worn)
 y - a +2 cloak (worn)
 z - a +2 leather armour of poison resistance (worn)
 B - the +0 pair of boots of the Dolphin {+Inv Will- Str+8 Dex-2}
   (You found it on level 9 of the Dungeon)

   It affects your strength (+8).
   It affects your dexterity (-2).
   It lets you turn invisible.
   It decreases your willpower.
 J - the +2 leather armour of Summer {rF- rN+ Will+++ SInv}
   (You found it on level 11 of the Dungeon)

   It makes you vulnerable to fire.
   It protects you from negative energy.
   It lets you see invisible.
   It greatly increases your willpower.
Jewellery
 f - a ring of protection from fire (left hand)
 C - an amulet of regeneration
 D - the amulet of Molukh (around neck) {RegenMP *Slow +Inv Stlth+}
   (You acquired it on level 10 of the Dungeon)

   [amulet of magic regeneration]

   It increases your rate of magic regeneration.
   It lets you turn invisible.
   It may slow you when you take damage.
   It makes you more stealthy.
Wands
 p - a wand of acid (4)
 q - a wand of flame (28)
 s - a wand of iceblast (14)
 u - a wand of charming (5)
 x - a wand of mindburst (20)
 A - a wand of polymorph (12)
 K - a wand of digging (4)
Scrolls
 v - 3 scrolls of teleportation
 E - a scroll of identify
 F - a scroll of summoning
 G - 2 scrolls of magic mapping
 H - a scroll of amnesia
Potions
 d - 3 potions of attraction
 e - 3 potions of heal wounds
 h - 2 potions of might
 j - 2 potions of cancellation
 k - 4 potions of flight
 l - a potion of lignification
 m - 3 potions of brilliance
 n - 11 potions of curing


   Skills:
 + Level 7.4 Fighting
 + Level 6.7 Maces & Flails
 - Level 6.0 Armour
 + Level 6.1 Dodging
 - Level 2.1 Stealth
 + Level 9.1 Spellcasting
 + Level 10.1 Conjurations
 - Level 0.7 Transmutations
 + Level 11.9 Earth Magic
 + Level 6.2 Evocations


You had 15 spell levels left.
You knew the following spells:

 Your Spells              Type           Power      Damage    Failure   Level
a - Sandblast             Erth           100%       2d20      1%          1
b - Stone Arrow           Conj/Erth      100%       3d13      1%          3
c - Lee's Rapid Deconstr  Erth           28%        3d16*     1%          5
d - Magic Dart            Conj           100%       1d8       1%          1
e - Bolt of Magma         Conj/Fire/Erth 20%        4d10      3%          5

Your spell library contained the following spells:

 Spells                   Type           Power      Damage    Failure   Level
 Olgreb's Toxic Radiance  Pois           9%         N/A       22%         4
 Foxfire                  Conj/Fire      100%       2x1d9     1%          1
 Shock                    Conj/Air       100%       1d9       1%          1
 Passwall                 Tmut/Erth      30%        N/A       1%          2
 Searing Ray              Conj           100%       3d7       1%          2
 Static Discharge         Conj/Air       30%        N/A       1%          2
 Dazzling Flash           Conj/Hex       60%        N/A       1%          3
 Fulminant Prism          Conj/Hex       15%        3d11      3%          4
 Iskenderun's Mystic Bla  Conj/Tloc      30%        2d8       3%          4
 Petrify                  Tmut/Erth      36%        N/A       6%          4
 Leda's Liquefaction      Hex/Erth       17%        N/A       8%          4
 Corona                   Hex            10%        N/A       9%          1
 Lightning Bolt           Conj/Air       15%        1d29      9%          5
 Ensorcelled Hibernation  Hex/Ice        18%        N/A       13%         2
 Airstrike                Air            4%         N/A       22%         4
 Confusing Touch          Hex            9%         N/A       26%         3
 Summon Guardian Golem    Hex/Summ       9%         N/A       26%         3
 Swiftness                Air            9%         N/A       26%         3
 Tukima's Dance           Hex            9%         N/A       26%         3
 Summon Mana Viper        Hex/Summ       9%         N/A       94%         5
 Ignition                 Fire           4%         3d4       100%        8


Dungeon Overview and Level Annotations

Branches:
Dungeon (15/15)            Temple (1/1) D:7            Lair (0/6) D:9
    Orc (0/2) D:9           Sewer (visited)
 Vaults: D:13-14     Depths: D:15

Altars:
Ashenzari
Cheibriados
Dithmenos
Elyvilon
Fedhas
Gozag
Hepliaklqana
Kikubaaqudgha
Makhleb
Nemelex Xobeh
Okawaru
Qazlal
Ru
Sif Muna
Trog
Uskayaw
Vehumet
Wu Jian
Xom
Yredelemnul
Zin
The Shining One

Shops:
D:3 [!   D:11 ?   D:13 [


Innate Abilities, Weirdness & Mutations

You are immune to sickness and miasma.
Your stone body is resilient. (AC +9)
You are immune to poison.
You resist negative energy. (rN+)
You are resistant to electric shocks. (rElec)
You are resistant to unholy torment.
You are immune to petrification.


Message History

Press: ? - help, Shift-Dir - straight line, f/p - vault guard
Aim: a vault guard, wielding a +0 war axe, wearing a +0 chain mail, wearing a +0 kite shield and wearing an amulet of faith (heavily wounded, covered in acid, 78% to hit)
The vault guard blocks the stone arrow.
The vault guard hits you with a +0 war axe.
Casting: Stone Arrow (safe; 1% risk of failure)
Confirm with . or Enter, or press ? or * to list all spells.
You don't have enough magic to cast this spell.
Unknown command.
Unknown command.
You are confused.
You feel invigorated.
The vault guard hits you with a +0 war axe.
You bump into the metal wall.
The vault guard closely misses you.
The vault guard hits you from afar with a +2 glaive!
You bump into the metal wall.
The vault guard hits you with a +0 war axe!
* * * LOW HITPOINT WARNING * * *
The vault guard hits you from afar with a +2 glaive!
* * * LOW HITPOINT WARNING * * *
You're too confused to move!
You feel less invigorated.
You feel less confused.
The vault guard hits you but does no damage.
The vault guard misses you. The vault guard blocks your attack.
The vault guard is heavily wounded.
The vault guard hits you but does no damage.
The vault guard closely misses you.
You hit the vault guard but do no damage.
The vault guard is heavily wounded.
The vault guard hits you with a +0 war axe.
* * * LOW HITPOINT WARNING * * *
The vault guard closely misses you.
The vault guard hits you but does no damage.
The vault guard blocks your attack.
The vault guard is heavily wounded.
The vault guard hits you but does no damage.
The vault guard hits you with a +0 war axe.
* * * LOW HITPOINT WARNING * * *
The vault guard hits you from afar with a +2 glaive!
You die...

#... .# #... ...#
#.# #/.. ...# #.#
#... ###..#### #.#
#... #....... #.#
##... ##p....# #.#
#....###.#....# #.#
#.p@.#....# #.#
#####.....# ##.####
#.....####......
##....#.........
###..............#
.........).....####
####......>....#
#......)....# ..
#..........##


You could see 2 vault guards.

Vanquished Creatures
  Gastronok (D:11)
  6 vault guards
  A hydra (D:12)
  Erica (D:8)
  6 two-headed ogres
  Sonja (D:11)
  A skeletal warrior (D:7)
  Pikel (D:6)
  2 deep elf pyromancers
  A harpy (shapeshifter) (D:11)
  An ugly thing (D:11)
  A wolf spider (D:11)
  A manticore (D:12)
  2 unseen horrors
  Maggie (D:8)
  3 kobold demonologists
  An efreet (D:13)
  2 hornets
  A polar bear (shapeshifter) (D:13)
  Prince Ribbit (D:5)
  2 trolls
  2 wraiths
  2 shadows (D:11)
  4 wyverns
  8 yaks
  2 humans (D:10)
  A basilisk (D:11)
  A vampire mosquito (D:11)
  3 water moccasins
  Duvessa (D:7)
  10 orc warriors
  4 black bears (D:9)
  A hornet zombie (D:8)
  A sky beast (D:6)
  6 necrophages (D:8)
  3 centaurs
  2 ogres
  A lemure (D:6)
  3 phantoms
  3 kobold brigands
  8 bullfrogs
  2 gnoll sergeants
  Dowan (D:7)
  7 scorpions
  A water moccasin zombie (D:5)
  A wyvern skeleton (D:5)
  3 wights (D:8)
  A howler monkey (D:7)
  A centaur zombie (D:8)
  A bullfrog zombie (D:7)
  3 orc priests
  6 hounds
  A jelly (D:5)
  A centaur skeleton (D:7)
  A bullfrog skeleton (D:6)
  3 iguanas
  Ijyb (D:3)
  9 orc wizards
  2 howler monkey zombies
  A mummy (D:8)
  A howler monkey skeleton (D:4)
  4 gnolls (D:10)
  11 adders
  3 river rats
  4 shadow imps
  2 white imps
  An ufetubus (D:6)
  An adder zombie (D:5)
  A worm (D:1)
  A dart slug (D:1)
  31 orcs
  8 endoplasms
  3 giant cockroaches
  7 goblins
  3 hobgoblins
  A jackal (Sewer)
  7 quokkas
  4 ball pythons
  5 bats
  A frilled lizard (D:2)
  16 kobolds
  9 rats
273 creatures vanquished.

Vanquished Creatures (others)
  A centaur (D:7)
  A howler monkey (D:11)
  40 fungi (D:9)
  43 plants
85 creatures vanquished.

Grand Total: 358 creatures vanquished

Notes
Turn   | Place    | Note
-------+----------+-------------------------------------------
     0 | D:1      | mlvdm the Gargoyle Earth Elementalist began the quest for
                  | the Orb.
     0 | D:1      | Reached XP level 1. HP: 10/10 MP: 3/3
    41 | D:1      | Found a faded altar of an unknown god.
   272 | D:1      | Reached skill level 4 in Earth Magic
   272 | D:1      | Reached XP level 2. HP: 15/15 MP: 5/5
  1037 | D:2      | Reached XP level 3. HP: 19/19 MP: 0/7
  1039 | D:2      | Learned a level 1 spell: Magic Dart
  1048 | D:2      | Learned a level 3 spell: Stone Arrow
  1676 | D:2      | Reached skill level 1 in Conjurations
  1676 | D:2      | Reached XP level 4. HP: 23/24 MP: 6/8
  2130 | D:2      | Found a broken altar of Ashenzari.
  2370 | D:3      | Noticed a scorpion
  2375 | D:3      | Killed a scorpion
  2376 | D:3      | Reached skill level 5 in Earth Magic
  2376 | D:3      | Reached XP level 5. HP: 14/28 MP: 6/9
  2536 | D:3      | Learned a level 5 spell: Lee's Rapid Deconstruction
  2889 | D:3      | Found a burning altar of Makhleb.
  2895 | D:3      | Found a radiant altar of Vehumet.
  2895 | D:3      | Found a glowing silver altar of Zin.
  2906 | D:3      | Found a hazy altar of Hepliaklqana.
  2909 | D:3      | Found a broken altar of Ashenzari.
  2986 | D:3      | Found Rutitral's Antique Armour Boutique.
  3117 | D:3      | Found Wamiycs's Distillery.
  3127 | D:3      | Bought a potion of curing for 36 gold pieces
  3262 | D:3      | Noticed Ijyb
  3283 | D:3      | Killed Ijyb
  3529 | D:4      | You fall into a shaft and drop 2 floors!
  3544 | D:6      | Noticed a sky beast
  3551 | D:6      | Killed a sky beast
  3552 | D:6      | Reached XP level 6. HP: 32/32 MP: 3/11
  3879 | D:6      | Reached skill level 6 in Earth Magic
  3950 | D:6      | Reached XP level 7. HP: 31/36 MP: 6/13
  4149 | D:6      | Found a glowing drain.
  4153 | Sewer    | Entered a sewer
  4290 | Sewer    | Found a glowing silver altar of Zin.
  4534 | D:5      | Entered Level 5 of the Dungeon
  4536 | D:5      | Noticed Prince Ribbit
  4539 | D:5      | Killed Prince Ribbit
  4540 | D:5      | Reached skill level 5 in Spellcasting
  4540 | D:5      | Reached skill level 5 in Conjurations
  4540 | D:5      | Reached skill level 7 in Earth Magic
  4540 | D:5      | Reached XP level 8. HP: 41/41 MP: 15/15
  5464 | D:3      | Bought 2 potions of heal wounds for 120 gold pieces
  5714 | D:5      | Reached skill level 8 in Earth Magic
  5874 | D:5      | Noticed a troll
  5880 | D:5      | Killed a troll
  5949 | D:5      | Reached XP level 9. HP: 45/45 MP: 8/18
  6881 | D:6      | Noticed a two-headed ogre
  6881 | D:6      | Noticed Pikel
  6885 | D:6      | Killed Pikel
  6886 | D:6      | Reached skill level 1 in Fighting
  6886 | D:6      | Reached skill level 1 in Maces & Flails
  6886 | D:6      | Reached skill level 1 in Armour
  6886 | D:6      | Reached skill level 9 in Earth Magic
  6886 | D:6      | Reached skill level 1 in Evocations
  6941 | D:7      | Noticed Duvessa
  6941 | D:7      | Noticed Dowan
  7116 | D:7      | Killed Duvessa
  7133 | D:7      | Killed Dowan
  7321 | D:7      | Noticed a kobold demonologist
  7327 | D:7      | Killed a kobold demonologist
  7328 | D:7      | Reached XP level 10. HP: 54/54 MP: 1/20
  7562 | D:7      | Found a staircase to the Ecumenical Temple.
  7574 | Temple   | Entered the Ecumenical Temple
  7784 | D:3      | Became a worshipper of Vehumet
  8100 | D:7      | Noticed a skeletal warrior
  8104 | D:7      | Killed a skeletal warrior
  8121 | D:7      | Noticed a cyclops
  8507 | D:6      | Killed a two-headed ogre
  8608 | D:6      | Killed an unseen horror
  9338 | D:8      | Noticed Erica
  9354 | D:8      | Killed Erica
  9355 | D:8      | Reached skill level 10 in Earth Magic
  9355 | D:8      | Reached XP level 11. HP: 47/61 MP: 6/22
  9677 | D:8      | Found an ornate altar of the Wu Jian Council.
  9791 | D:8      | HP: 1/62 [orc warrior/+0 dire flail (16)]
  9800 | D:8      | Identified a scroll of acquirement
  9800 | D:8      | Acquired the Grimoire of Captivating Ignition
  9808 | D:8      | Learned a level 5 spell: Bolt of Magma
 10258 | D:8      | Noticed Maggie
 10264 | D:8      | Killed Maggie
 10441 | D:9      | Identified the +0 pair of boots of the Dolphin {+Inv Will-
                  | Str+8 Dex-2}
 10536 | D:9      | Reached * piety under Vehumet
 10536 | D:9      | Offered knowledge of Shock by Vehumet.
 10834 | D:9      | Found a staircase to the Lair.
 10991 | D:9      | Reached skill level 5 in Fighting
 11452 | D:9      | Reached skill level 5 in Armour
 11495 | D:9      | Reached ** piety under Vehumet
 11495 | D:9      | Offered knowledge of Poisonous Vapours by Vehumet.
 11714 | D:9      | Found a staircase to the Orcish Mines.
 12118 | D:10     | Entered Level 10 of the Dungeon
 12436 | D:10     | Found an iron altar of Okawaru.
 12841 | D:10     | Acquired the amulet of Molukh {RegenMP *Slow +Inv Stlth+}
 13251 | D:11     | Found Bioziuva's Magic Scroll Emporium.
 13256 | D:11     | Bought a scroll of summoning for 133 gold pieces
 13256 | D:11     | Bought a scroll of magic mapping for 49 gold pieces
 13256 | D:11     | Bought a scroll of magic mapping for 49 gold pieces
 13256 | D:11     | Bought a scroll of amnesia for 49 gold pieces
 13256 | D:11     | Bought a scroll of fear for 49 gold pieces
 13359 | D:11     | Identified the +2 leather armour of Summer {rF- rN+ Will+++
                  | SInv}
 13374 | D:11     | Found a stormy altar of Qazlal.
 13419 | D:11     | Reached skill level 5 in Maces & Flails
 13663 | D:11     | Noticed a harpy
 13666 | D:11     | Killed a harpy
 13666 | D:11     | Noticed a wolf spider
 13672 | D:11     | Killed a wolf spider
 13750 | D:11     | Reached XP level 12. HP: 69/69 MP: 18/24
 13817 | D:11     | Noticed Gastronok
 13835 | D:11     | Noticed Sonja
 13839 | D:11     | Killed Sonja
 13840 | D:11     | Reached skill level 5 in Dodging
 13840 | D:11     | Killed Gastronok
 13841 | D:11     | Reached skill level 11 in Earth Magic
 13841 | D:11     | Reached skill level 5 in Evocations
 13843 | D:11     | Noticed a two-headed ogre
 13869 | D:11     | Offered knowledge of Conjure Flame by Vehumet.
 15137 | D:12     | Noticed a two-headed ogre
 15142 | D:12     | Killed a two-headed ogre
 15183 | D:12     | Noticed a two-headed ogre
 15189 | D:12     | Killed a two-headed ogre
 15226 | D:12     | Noticed a six-headed hydra
 15230 | D:12     | Killed a six-headed hydra
 15263 | D:12     | Noticed a two-headed ogre
 15269 | D:12     | Killed a two-headed ogre
 15401 | D:12     | Found a shimmering blue altar of Sif Muna.
 15416 | D:12     | Identified Sif Muna's Catalogue of the Birds
 15970 | D:13     | Noticed a two-headed ogre
 15983 | D:13     | Reached *** piety under Vehumet
 15984 | D:13     | Killed a two-headed ogre
 16239 | D:13     | Found Liomufua's Armour Shop.
 16376 | D:13     | Noticed a two-headed ogre
 16386 | D:13     | Killed a two-headed ogre
 16587 | D:13     | You fall into a shaft and drop 2 floors!
 16587 | D:15     | Entered Level 15 of the Dungeon
 16703 | D:14     | Noticed a vault guard
 16717 | D:14     | Killed a vault guard
 16718 | D:14     | Reached XP level 13. HP: 51/76 MP: 11/25
 16721 | D:14     | Noticed a vault guard
 16722 | D:14     | Noticed a vault guard
 16725 | D:14     | Noticed a vault guard
 16745 | D:15     | Killed a vault guard
 16746 | D:15     | Reached skill level 10 in Conjurations
 16856 | D:15     | Killed a vault guard
 16953 | D:14     | Noticed a vault guard
 16960 | D:14     | Killed a vault guard
 16968 | D:14     | Noticed a vault guard
 16982 | D:14     | Noticed a vault guard
 16983 | D:14     | Killed a vault guard
 16984 | D:14     | Killed a vault guard
 16984 | D:14     | Offered knowledge of Olgreb's Toxic Radiance by Vehumet.
 16988 | D:14     | Noticed a vault guard
 16997 | D:14     | Slain by a vault guard

Illustrated notes

Levels and vault maps discovered:
D:1:      eino_arrival_water_star, layout_loops_corners,
          hellmonk_ecumenical_altar_arch_garden, minmay_ruptured
D:2:      layout_rooms, basic_altar
D:3:      layout_basic, minmay_overflow_temple_star_hex, serial_shops, shop,
          shop_statue, moated_statue, uniq_ijyb
D:4:      layout_cave_pools
D:5:      layout_gridville, hangedman_decor_peaks_small,
          chequers_serial_rivers_micro_a, minmay_liquid_box, uniq_prince_ribbit1
D:6:      layout_loops_ring, gup_sewer_entry_bowl, minmay_misc_feat_doors,
          minmay_three_doors, uniq_pikel
D:7:      layout_cave_pools, minmay_temple_entry_arrows,
          minmay_shattered_shrine, uniq_duvessa
D:8:      minmay_skewed_foursquare, layout_rooms,
          nicolae_overflow_crystal_walls, serial_undead, serial_undead_d,
          serial_undead_a, serial_undead_a, serial_undead_a, serial_undead_d,
          serial_undead_f, uniq_maggie, uniq_erica
D:9:      layout_long_grid, due_lair_maze_entry_diamond, david_orc_4,
          chequers_avenue, minmay_unpleasant_kobolds
D:10:     layout_basic, okawaru_humans, kennysheep_small_circle
D:11:     minmay_ornate_pinched, layout_layer_cave, serial_shops,
          kennysheep_little_box, nicolae_qazlal_scattered_showers, uniq_sonja,
          uniq_gastronok
D:12:     layout_loops_ring, led_sif_book
D:13:     layout_stronghold, serial_shops, nicolae_shop_behind_doors
D:14:     layout_rooms, erik_vaults_2, serial_shops, nicolae_shop_stone,
          serial_co_window_serial, co_window_of_opportunity_a,
          co_window_cross_1, co_window_paths_a, co_window_paths_b,
          co_window_corner_a, co_window_paths_b, co_window_cross_1,
          co_window_2corner, co_window_broadway_b, co_window_unsneaky_path_b,
          co_window_broadway_a, glass_columns_b, glass_columns_a,
          glass_columns_c
D:15:     gammafunk_enter_depths_forms, layout_cross, serial_shops, shop,
          uniq_josephine
Temple:   nicolae_temple_no_exploring_needed

Skill      XL: |  1  2  3  4  5  6  7  8  9 10 11 12 13 |
---------------+----------------------------------------+-----
Earth Magic    | 4 5 6 7 8 9 10 11 | 11.9
Conjurations   | 1 2 3 5 6 7 8 9 10 | 10.1
Spellcasting   | 3 4 5 6 7 8 9 |  9.1
Fighting       | 2 4 5 7 |  7.4
Maces & Flails | 2 3 5 6 |  6.7
Armour         | 2 4 5 6 |  6.0
Dodging        | 2 3 4 5 6 |  6.1
Evocations     | 2 3 4 5 6 |  6.2
Stealth        | |  2.1
Transmutations | |  0.7

Action                   |  1- 3 |  4- 6 |  7- 9 | 10-12 | 13-15 || total
-------------------------+-------+-------+-------+-------+-------++-------
Melee: Whip              |    14 |       |       |       |       ||    14
       Dagger            |    62 |    69 |   161 |    47 |       ||   339
       Unarmed           |     2 |       |       |       |       ||     2
       Scimitar          |       |       |       |   226 |       ||   226
       Eveningstar       |       |       |       |    45 |    18 ||    63
       Morningstar       |       |       |       |    13 |       ||    13
 Cast: Sandblast         |    19 |    57 |    52 |    38 |       ||   166
       Stone Arrow       |       |       |    42 |   110 |    11 ||   163
       Lee's Rapid Decon |       |       |     1 |    38 |     6 ||    45
Evoke: Wand              |       |       |    15 |     9 |     2 ||    26
  Use: Scroll            |     3 |     4 |     5 |    14 |       ||    26
       Potion            |       |       |     4 |     3 |     2 ||     9
 Stab: Sleeping          |     2 |     2 |     3 |     3 |       ||    10
Armor: Robe              |    28 |    36 |    96 |   244 |       ||   404
       Leather armour    |       |       |       |    39 |    12 ||    51
Dodge: Dodged            |    72 |    42 |   148 |   304 |    12 ||   578
       Rpst.: Scimitar   |       |       |       |    57 |       ||    57

Table legend: (Time is in decaauts)
 A = Elapsed time spent in this place.
 B = Non-inter-level travel time spent in this place.
 C = Inter-level travel time spent in this place.
 D = Time resting spent in this place.
 E = Time spent auto-exploring this place.
 F = Levels seen in this place.
 G = Mean time per level.
                   A        B        C        D        E       F      G
               +--------+--------+--------+--------+--------+-----+--------+
         Total |  17113 |  16343 |    770 |   1871 |  11814 |  17 | 1006.6 |
       Dungeon |  16900 |  16130 |    770 |   1830 |  11697 |  15 | 1126.7 |
        Temple |      2 |      2 |      0 |      0 |      0 |   1 |    2.0 |
         Sewer |    209 |    209 |      0 |     41 |    117 |   1 |  209.0 |
               +--------+--------+--------+--------+--------+-----+--------+

Top non-repeatable levels by time:
    D:11: 2030 daAuts
     D:9: 1729 daAuts
     D:8: 1661 daAuts
     D:6: 1594 daAuts
     D:1: 1552 daAuts
     D:3: 1406 daAuts
     D:5: 1341 daAuts
    D:10: 1058 daAuts
     D:7: 1021 daAuts
     D:4: 917 daAuts
    D:12: 807 daAuts
     D:2: 696 daAuts
    D:13: 647 daAuts
    D:15: 318 daAuts
   Sewer: 209 daAuts
